Nashville Predators vs Chicago Black Hawks
Created - Thursday, June 15, 2023 at 07:02
Goals
|
| Nashville Predators |
0 |
2 |
0 |
2 |
| Chicago Black Hawks |
0 |
2 |
2 |
4 |
|
Shots
|
| Nashville Predators |
10 |
16 |
15 |
41 |
| Chicago Black Hawks |
9 |
12 |
7 |
28 |
|
1st period
No Goal
Penalties :
Travis Konecny (CHI) for Hooking (Minor) at 10:21
2nd period
1. Nashville Predators , Thomas Novak 15 (Brandon Saad 38) at 14:07
2. Nashville Predators , Cale Makar 22 (Corey Perry 26) at 14:58
3. Chicago Black Hawks , Travis Konecny 26 (Chris Kreider 28, Devon Toews 25) at 18:33
4. Chicago Black Hawks , Matt Duchene 34 (Seth Jones 25, Devon Toews 26) at 19:59
Penalties :
Matthew Tkachuk (CHI) for Hooking (Minor) at 3:21, Lawson Crouse (CHI) for Tripping (Minor) at 7:14, Matthew Tkachuk (CHI) for Holding Stick (Minor) at 11:11, Rasmus Ristolainen (NSH) for Tripping (Minor) at 15:06
3rd period
5. Chicago Black Hawks , Pius Suter 6 (Bryan Rust 11, Lawson Crouse 9) at 5:24
6. Chicago Black Hawks , Bryan Rust 18 (Lawson Crouse 10) at 10:00
Penalties :
Ryan Carpenter (NSH) for Hooking (Minor) at 0:03, Justin Braun (NSH) for Tripping (Minor) at 3:17
Goalie Stats
Robin Lehner (NSH), 24 saves from 28 shots - (0.857), L, 17-17-2, 60:00 minutes
Ilya Sorokin (CHI), 39 saves from 41 shots - (0.951), W, 33-17-5, 60:00 minutes
Players Stats for Nashville Predators
Player Name G A P +/- PIM S H SB GA TA FO MP PP MP PK MP
------------------------------------------------------------------------------------
Bowen Byram 0 0 0 0 0 2 0 2 0 0 0/0 16:20 4:55 1:02
Brandon Saad 0 1 1 -1 0 5 1 1 1 0 0/0 16:24 4:23 1:07
Cale Makar 1 0 1 -2 0 6 2 1 2 5 0/0 25:40 4:55 2:11
Corey Perry 0 1 1 0 0 6 1 0 3 0 1/1 16:23 3:33 0:00
Jake Muzzin 0 0 0 1 0 0 0 1 0 0 0/0 17:00 0:00 4:01
Janne Kuokkanen 0 0 0 0 0 0 0 1 1 1 0/2 16:23 3:33 0:00
Justin Braun 0 0 0 -1 2 0 0 3 0 0 0/0 20:03 0:00 2:57
Loui Eriksson 0 0 0 -1 0 0 2 0 0 0 0/0 10:36 0:00 0:03
Nate Schmidt 0 0 0 0 0 3 1 3 0 0 0/0 16:38 3:01 0:00
Nick Bjugstad 0 0 0 -1 0 0 0 0 0 0 5/13 15:17 0:00 1:46
Nolan Patrick 0 0 0 0 0 3 1 0 1 0 0/3 15:21 0:00 1:18
Pat Maroon 0 0 0 0 0 2 1 0 0 0 0/1 13:05 0:00 2:10
Rasmus Ristolainen 0 0 0 -3 2 1 2 4 0 0 0/0 25:20 3:01 1:43
Riley Nash 0 0 0 -1 0 2 0 0 0 0 8/14 13:49 0:00 3:19
Ryan Carpenter 0 0 0 -1 2 2 0 0 1 0 0/0 10:55 0:00 0:29
Sam Gagner 0 0 0 0 0 0 2 0 1 0 1/2 16:08 4:23 0:29
Thomas Novak 1 0 1 0 0 6 1 0 0 0 6/20 16:15 4:23 0:00
Zemgus Girgensons 0 0 0 0 0 3 1 1 0 0 6/10 12:23 3:33 1:13
Players Stats for Chicago Black Hawks
Player Name G A P +/- PIM S H SB GA TA FO MP PP MP PK MP
------------------------------------------------------------------------------------
Bo Horvat 0 0 0 1 0 1 1 0 0 1 3/7 15:51 2:33 1:29
Brent Burns 0 0 0 2 0 0 1 4 0 1 0/0 22:28 3:32 3:20
Bryan Rust 1 1 2 1 0 1 1 0 0 0 0/0 7:29 0:00 0:00
Chris Kreider 0 1 1 1 0 5 0 0 2 1 1/1 18:14 2:33 2:46
Devon Toews 0 2 2 2 0 0 1 5 0 1 0/0 24:09 2:25 4:36
Lawson Crouse 0 2 2 1 2 2 1 1 0 0 0/0 11:35 0:00 3:44
Matt Duchene 1 0 1 0 0 2 0 0 0 0 1/3 18:51 3:24 0:00
Matthew Tkachuk 0 0 0 0 4 3 5 3 0 0 0/1 19:05 2:33 0:36
Mikhail Sergachev 0 0 0 1 0 0 1 2 0 2 0/0 20:26 2:25 3:20
Nicolas Hague 0 0 0 -2 0 0 1 0 0 0 0/0 13:23 0:00 0:00
Nikolaj Ehlers 0 0 0 0 0 2 1 0 1 0 0/0 9:53 0:00 0:00
Phillip Danault 0 0 0 0 0 0 2 2 0 0 3/7 13:09 0:00 1:47
Pius Suter 1 0 1 1 0 1 1 0 0 2 9/15 12:37 0:00 4:54
Rasmus Andersson 0 0 0 -2 0 0 1 0 0 0 0/0 13:23 0:00 0:00
Seth Jones 0 1 1 3 0 3 2 3 1 1 0/0 26:11 3:32 4:36
Steven Stamkos 0 0 0 0 0 2 1 1 2 0 22/30 18:51 3:24 0:00
Travis Konecny 1 0 1 1 2 4 4 0 0 0 0/1 12:50 0:00 0:36
Vladimir Tarasenko 0 0 0 0 0 2 0 0 0 1 0/1 13:35 3:24 0:00
3 Stars
1 - Ilya Sorokin (CHI)
2 - Bryan Rust (CHI)
3 - Devon Toews (CHI)
Power Play
Nashville Predators - 0 on 4 Attempt(s) - 0.00%
Chicago Black Hawks - 0 on 3 Attempt(s) - 0.00%
Penalty Kill
Nashville Predators - 3 on 3 Attempt(s) - 100.00%
- Score 0 goal in Penalty Kill
Chicago Black Hawks - 4 on 4 Attempt(s) - 100.00%
- Score 0 goal in Penalty Kill
Team Stat
Nashville Predators - Hits : 15 - Faceoff Wins : 27 - Blocked Shots : 17 - Penalty Minutes : 6
Chicago Black Hawks - Hits : 24 - Faceoff Wins : 39 - Blocked Shots : 21 - Penalty Minutes : 8
Official
Referees : Dave Lewis and Garrett Rank
Linesman : Greg Devorski and Brad Lazarowich
Game Notes
Zemgus Girgensons is injured at 0:05 of 3rd period (Strained Right Knee)
Jake Muzzin is injured at 16:55 of 3rd period (Sports Hernia)
Finance
Level 1 -- Attendance: 4502 (75.03%) -- Ticket Income $450,200
Level 2 -- Attendance: 3714 (74.28%) -- Ticket Income $222,840
Level 3 -- Attendance: 2124 (70.80%) -- Ticket Income $74,340
Level 4 -- Attendance: 3421 (68.42%) -- Ticket Income $85,525
Luxury Box -- Attendance: 743 (74.30%) -- Ticket Income $148,600
Game was played at the United Center.
Total Attendance: 14504 (72.52%)
Total Ticket Income: $981,505
Other Income: $343,527
Total Income: $1,325,032
Nashville Predators
5 vs 5 Forward
Center Left Wing Right Wing Time % Phy DF OF
1 Thomas Novak Brandon Saad Sam Gagner 26 1 2 2
2 Zemgus Girgensons Loui Eriksson Ryan Carpenter 25 1 2 2
3 Nick Bjugstad Janne Kuokkanen Corey Perry 25 1 2 2
4 Riley Nash Pat Maroon Nolan Patrick 24 1 2 2
5 vs 5 Defense
Defense Defense Time % Phy DF OF
1 Cale Makar Rasmus Ristolainen 40 1 2 2
2 Nate Schmidt Justin Braun 30 1 2 2
3 Bowen Byram Jake Muzzin 20 1 2 2
4 Jake Muzzin Justin Braun 10 1 2 2
PowerPlay Forward
Center Left Wing Right Wing Time % Phy DF OF
1 Thomas Novak Brandon Saad Sam Gagner 60 1 2 2
2 Zemgus Girgensons Janne Kuokkanen Corey Perry 40 1 2 2
PowerPlay Defense
Defense Defense Time % Phy DF OF
1 Bowen Byram Cale Makar 60 1 2 2
2 Nate Schmidt Rasmus Ristolainen 40 1 2 2
Penalty Kill 4 Players Forward
Center Wing Time % Phy DF OF
1 Riley Nash Zemgus Girgensons 60 1 2 2
2 Ryan Carpenter Sam Gagner 40 1 2 2
Penalty Kill 4 Players Defense
Defense Defense Time % Phy DF OF
1 Jake Muzzin Justin Braun 60 1 2 2
2 Rasmus Ristolainen Cale Makar 40 1 2 2
Penalty Kill - 3 Players Forward
Forward Time % Phy DF OF
1 Riley Nash 60 1 2 2
2 Ryan Carpenter 40 1 2 2
Penalty Kill - 3 Players Defense
Defense Defense Time % Phy DF OF
1 Jake Muzzin Justin Braun 60 1 2 2
2 Rasmus Ristolainen Cale Makar 40 1 2 2
4 vs 4 Forward
Center Wing Time % Phy DF OF
1 Riley Nash Zemgus Girgensons 60 1 2 2
2 Ryan Carpenter Sam Gagner 40 1 2 2
4 vs 4 Defense
Defense Defense Time % Phy DF OF
1 Cale Makar Bowen Byram 60 1 2 2
2 Rasmus Ristolainen Nate Schmidt 40 1 2 2
Last Minutes Offensive
Center Left Wing Right Wing Defense Defense
Sam Gagner Brandon Saad Corey Perry Bowen Byram Cale Makar
Last Minutes Defensive
Center Left Wing Right Wing Defense Defense
Sam Gagner Brandon Saad Corey Perry Jake Muzzin Justin Braun
Goaltenders
Starting : Robin Lehner
Backup : Anthony Stolarz
Extra Forwards
Normal : Nolan Patrick, Thomas Novak, Nick Bjugstad - PP : Janne Kuokkanen, Thomas Novak - PK : Nick Bjugstad
Extra Defensemen
Normal : Cale Makar, Jake Muzzin, Rasmus Ristolainen - PP : Cale Makar - PK : Jake Muzzin, Justin Braun
Penalty Shots
Brandon Saad, Corey Perry, Sam Gagner, Pat Maroon, Zemgus Girgensons
Chicago Black Hawks
5 vs 5 Forward
Center Left Wing Right Wing Time % Phy DF OF
1 Steven Stamkos Matt Duchene Matthew Tkachuk 40 0 1 4
2 Bo Horvat Travis Konecny Chris Kreider 30 1 1 3
3 Phillip Danault Nikolaj Ehlers Vladimir Tarasenko 20 0 2 3
4 Pius Suter Bryan Rust Lawson Crouse 10 0 3 2
5 vs 5 Defense
Defense Defense Time % Phy DF OF
1 Brent Burns Mikhail Sergachev 35 0 3 2
2 Seth Jones Devon Toews 35 0 3 2
3 Rasmus Andersson Nicolas Hague 30 0 4 1
4 Devon Toews Rasmus Andersson 0 0 2 3
PowerPlay Forward
Center Left Wing Right Wing Time % Phy DF OF
1 Steven Stamkos Vladimir Tarasenko Matt Duchene 60 0 0 5
2 Bo Horvat Matthew Tkachuk Chris Kreider 40 0 0 5
PowerPlay Defense
Defense Defense Time % Phy DF OF
1 Brent Burns Seth Jones 60 0 0 5
2 Devon Toews Mikhail Sergachev 40 0 0 5
Penalty Kill 4 Players Forward
Center Wing Time % Phy DF OF
1 Pius Suter Lawson Crouse 60 0 5 0
2 Phillip Danault Chris Kreider 40 0 5 0
Penalty Kill 4 Players Defense
Defense Defense Time % Phy DF OF
1 Devon Toews Seth Jones 60 0 5 0
2 Brent Burns Mikhail Sergachev 40 0 5 0
Penalty Kill - 3 Players Forward
Forward Time % Phy DF OF
1 Pius Suter 60 0 5 0
2 Phillip Danault 40 0 5 0
Penalty Kill - 3 Players Defense
Defense Defense Time % Phy DF OF
1 Seth Jones Mikhail Sergachev 60 0 5 0
2 Devon Toews Nicolas Hague 40 0 5 0
4 vs 4 Forward
Center Wing Time % Phy DF OF
1 Phillip Danault Nikolaj Ehlers 60 0 2 3
2 Bo Horvat Bryan Rust 40 0 2 3
4 vs 4 Defense
Defense Defense Time % Phy DF OF
1 Nicolas Hague Seth Jones 60 0 4 1
2 Devon Toews Brent Burns 40 0 2 3
Last Minutes Offensive
Center Left Wing Right Wing Defense Defense
Steven Stamkos Vladimir Tarasenko Matthew Tkachuk Brent Burns Devon Toews
Last Minutes Defensive
Center Left Wing Right Wing Defense Defense
Pius Suter Lawson Crouse Phillip Danault Seth Jones Brent Burns
Goaltenders
Starting : Ilya Sorokin
Backup : Jordan Binnington
Extra Forwards
Normal : Lawson Crouse, Vladimir Tarasenko, Phillip Danault - PP : Bo Horvat, Nikolaj Ehlers - PK : Bo Horvat
Extra Defensemen
Normal : Seth Jones, Nicolas Hague, Devon Toews - PP : Seth Jones - PK : Nicolas Hague, Devon Toews
Penalty Shots
Phillip Danault, Matt Duchene, Devon Toews, Bo Horvat, Pius Suter
% Time on Ice - Nashville Predators
Lines # - Real PCT - Wanted PCT - Time Play
Normal Forward
1 - 28% - 26% - 12:46
2 - 25% - 25% - 11:27
3 - 25% - 25% - 11:32
4 - 22% - 24% - 10:22
Normal Defense
1 - 38% - 40% - 17:36
2 - 32% - 30% - 14:32
3 - 20% - 20% - 9:20
4 - 10% - 10% - 4:39
PP Forward
1 - 55% - 60% - 4:23
2 - 45% - 40% - 3:33
PP Defense
1 - 62% - 60% - 4:55
2 - 38% - 40% - 3:01
PK Forward
1 - 92% - 60% - 5:28
2 - 8% - 40% - 0:29
PK Defense
1 - 72% - 60% - 4:17
2 - 28% - 40% - 1:40
PK3 Forward
1 - 0% - 60%
2 - 0% - 40%
PK3 Defense
1 - 0% - 60%
2 - 0% - 40%
44 Forward
1 - 0% - 60%
2 - 0% - 40%
44 Defense
1 - 0% - 60%
2 - 0% - 40%
Last Minute Offensive - 0:00
Last Minute Defensive - 0:00
Total
Forward - 60:00
Defense - 60:00
|
% Time on Ice - Chicago Black Hawks
Lines # - Real PCT - Wanted PCT - Time Play
Normal Forward
1 - 34% - 40% - 15:27
2 - 29% - 30% - 13:18
3 - 21% - 20% - 9:53
4 - 16% - 10% - 7:29
Normal Defense
1 - 36% - 35% - 16:29
2 - 35% - 35% - 16:15
3 - 29% - 30% - 13:23
4 - 0% - 0% - 0:00
PP Forward
1 - 57% - 60% - 3:24
2 - 43% - 40% - 2:33
PP Defense
1 - 59% - 60% - 3:32
2 - 41% - 40% - 2:25
PK Forward
1 - 78% - 60% - 6:09
2 - 22% - 40% - 1:47
PK Defense
1 - 58% - 60% - 4:36
2 - 42% - 40% - 3:20
PK3 Forward
1 - 0% - 60%
2 - 0% - 40%
PK3 Defense
1 - 0% - 60%
2 - 0% - 40%
44 Forward
1 - 0% - 60%
2 - 0% - 40%
44 Defense
1 - 0% - 60%
2 - 0% - 40%
Last Minute Offensive - 0:00
Last Minute Defensive - 0:00
Total
Forward - 60:00
Defense - 60:00
|
Play-by-Play
1st period
0:01 of 1st period - Thomas Novak wins face-off versus Steven Stamkos in neutral zone.
1:07 of 1st period - Travis Konecny is hit by Nate Schmidt and loses puck.
1:39 of 1st period - Snap shot by Bryan Rust.
1:39 of 1st period - Shot Blocked by Rasmus Ristolainen.
2:00 of 1st period - Wrist shot by Nikolaj Ehlers.
2:00 of 1st period - Stopped by Robin Lehner without a rebound.
2:01 of 1st period - Phillip Danault wins face-off versus Nick Bjugstad in Nashville Predators zone.
2:26 of 1st period - Snap shot by Nikolaj Ehlers.
2:26 of 1st period - Shot Misses the Net.
2:28 of 1st period - Wrist shot by Phillip Danault.
2:28 of 1st period - Shot Misses the Net.
2:40 of 1st period - Wrist shot by Nikolaj Ehlers.
2:40 of 1st period - Shot Blocked by Jake Muzzin.
2:42 of 1st period - Snap shot by Vladimir Tarasenko.
2:42 of 1st period - Shot Misses the Net.
2:44 of 1st period - Slapshot by Nikolaj Ehlers.
2:44 of 1st period - Stopped by Robin Lehner without a rebound.
2:45 of 1st period - Riley Nash wins face-off versus Steven Stamkos in Nashville Predators zone.
2:52 of 1st period - Devon Toews is hit by Pat Maroon and loses puck.
3:11 of 1st period - Ryan Carpenter is hit by Travis Konecny and loses puck.
3:17 of 1st period - Off-side.
3:18 of 1st period - Bo Horvat wins face-off versus Thomas Novak in neutral zone.
3:22 of 1st period - Off-side.
3:23 of 1st period - Thomas Novak wins face-off versus Bo Horvat in neutral zone.
3:54 of 1st period - Jake Muzzin is hit by Matthew Tkachuk and loses puck.
3:59 of 1st period - Wrist shot by Matthew Tkachuk.
3:59 of 1st period - Shot Blocked by Bowen Byram.
4:01 of 1st period - Snap shot by Steven Stamkos.
4:01 of 1st period - Shot Misses the Net.
4:17 of 1st period - Slapshot by Bowen Byram.
4:17 of 1st period - Shot Blocked by Brent Burns.
4:31 of 1st period - Janne Kuokkanen is hit by Mikhail Sergachev and loses puck.
4:42 of 1st period - Wrist shot by Vladimir Tarasenko.
4:42 of 1st period - Shot Blocked by Nate Schmidt.
6:51 of 1st period - Snap shot by Travis Konecny.
6:51 of 1st period - Shot Misses the Net.
6:53 of 1st period - Slapshot by Chris Kreider.
6:53 of 1st period - Stopped by Robin Lehner with a rebound.
6:55 of 1st period - Slapshot by Mikhail Sergachev.
6:55 of 1st period - Shot Blocked by Justin Braun.
6:57 of 1st period - Snap shot by Travis Konecny.
6:57 of 1st period - Stopped by Robin Lehner without a rebound.
6:58 of 1st period - Zemgus Girgensons wins face-off versus Pius Suter in Nashville Predators zone.
7:07 of 1st period - Lawson Crouse is hit by Loui Eriksson and loses puck.
7:43 of 1st period - Off-side.
7:44 of 1st period - Chris Kreider wins face-off versus Thomas Novak in neutral zone.
7:57 of 1st period - Snap shot by Bo Horvat.
7:57 of 1st period - Stopped by Robin Lehner with a rebound.
7:59 of 1st period - Slapshot by Brent Burns.
7:59 of 1st period - Shot Blocked by Nate Schmidt.
8:01 of 1st period - Snap shot by Chris Kreider.
8:01 of 1st period - Deflect By Justin Braun.
8:01 of 1st period - Shot Misses the Net.
8:01 of 1st period - Puck is out of play.
8:02 of 1st period - Zemgus Girgensons wins face-off versus Steven Stamkos in Nashville Predators zone.
8:02 of 1st period - Zemgus Girgensons is hit by Matthew Tkachuk.
8:08 of 1st period - Snap shot by Cale Makar.
8:08 of 1st period - Shot Blocked by Matthew Tkachuk.
8:10 of 1st period - Slapshot by Cale Makar.
8:10 of 1st period - Shot Blocked by Devon Toews.
8:12 of 1st period - Wrist shot by Loui Eriksson.
8:12 of 1st period - Shot Blocked by Devon Toews.
9:35 of 1st period - Off-side.
9:36 of 1st period - Steven Stamkos wins face-off versus Zemgus Girgensons in neutral zone.
9:45 of 1st period - Loui Eriksson is hit by Matthew Tkachuk and loses puck.
10:08 of 1st period - Wrist shot by Corey Perry.
10:08 of 1st period - Stopped by Ilya Sorokin without a rebound.
10:09 of 1st period - Nick Bjugstad wins face-off versus Bo Horvat in Chicago Black Hawks zone.
10:21 of 1st period - Minor Penalty to Travis Konecny for Hooking.
10:22 of 1st period - Pius Suter wins face-off versus Thomas Novak in Chicago Black Hawks zone.
10:56 of 1st period - Snap shot by Zemgus Girgensons.
10:56 of 1st period - Shot Misses the Net.
10:58 of 1st period - Slapshot by Corey Perry.
10:58 of 1st period - Stopped by Ilya Sorokin without a rebound.
10:59 of 1st period - Zemgus Girgensons wins face-off versus Phillip Danault in Chicago Black Hawks zone.
11:02 of 1st period - Wrist shot by Zemgus Girgensons.
11:02 of 1st period - Stopped by Ilya Sorokin with a rebound.
11:04 of 1st period - Snap shot by Nate Schmidt.
11:04 of 1st period - Stopped by Ilya Sorokin without a rebound.
11:05 of 1st period - Pius Suter wins face-off versus Thomas Novak in Chicago Black Hawks zone.
11:14 of 1st period - Lawson Crouse is hit by Sam Gagner and loses puck.
11:19 of 1st period - Slapshot by Brandon Saad.
11:19 of 1st period - Stopped by Ilya Sorokin without a rebound.
11:20 of 1st period - Thomas Novak wins face-off versus Pius Suter in Chicago Black Hawks zone.
11:54 of 1st period - Slapshot by Corey Perry.
11:54 of 1st period - Stopped by Ilya Sorokin without a rebound.
11:55 of 1st period - Thomas Novak wins face-off versus Phillip Danault in Chicago Black Hawks zone.
11:58 of 1st period - Slapshot by Sam Gagner.
11:58 of 1st period - Shot Blocked by Phillip Danault.
12:00 of 1st period - Slapshot by Brandon Saad.
12:00 of 1st period - Shot Blocked by Mikhail Sergachev.
12:08 of 1st period - Slapshot by Brandon Saad.
12:08 of 1st period - Shot Blocked by Brent Burns.
12:21 of 1st period - Penalty to Travis Konecny is over, Travis Konecny is back on ice.
12:25 of 1st period - Janne Kuokkanen is hit by Seth Jones and loses puck.
12:42 of 1st period - Wrist shot by Chris Kreider.
12:42 of 1st period - Stopped by Robin Lehner with a rebound.
12:44 of 1st period - Slapshot by Devon Toews.
12:44 of 1st period - Shot Blocked by Rasmus Ristolainen.
12:46 of 1st period - Slapshot by Devon Toews.
12:46 of 1st period - Deflect By Travis Konecny.
12:46 of 1st period - Shot Blocked by Zemgus Girgensons.
12:46 of 1st period - Puck is out of play.
12:47 of 1st period - Steven Stamkos wins face-off versus Riley Nash in Nashville Predators zone.
12:50 of 1st period - Snap shot by Matt Duchene.
12:50 of 1st period - Shot Misses the Net.
13:14 of 1st period - Thomas Novak is hit by Nicolas Hague and loses puck.
13:19 of 1st period - Wrist shot by Lawson Crouse.
13:19 of 1st period - Stopped by Robin Lehner without a rebound.
13:20 of 1st period - Nick Bjugstad wins face-off versus Steven Stamkos in Nashville Predators zone.
13:20 of 1st period - Nick Bjugstad is hit by Steven Stamkos.
13:36 of 1st period - Wrist shot by Matt Duchene.
13:36 of 1st period - Shot Blocked by Cale Makar.
14:13 of 1st period - Wrist shot by Thomas Novak.
14:13 of 1st period - Deflect By Brandon Saad.
14:13 of 1st period - Shot Misses the Net.
14:13 of 1st period - Puck is out of play.
14:14 of 1st period - Matt Duchene wins face-off versus Nick Bjugstad in Chicago Black Hawks zone.
15:12 of 1st period - Slapshot by Justin Braun.
15:12 of 1st period - Shot Blocked by Brent Burns.
15:16 of 1st period - Snap shot by Zemgus Girgensons.
15:16 of 1st period - Stopped by Ilya Sorokin with a rebound.
15:32 of 1st period - Snap shot by Pat Maroon.
15:32 of 1st period - Shot Blocked by Mikhail Sergachev.
16:20 of 1st period - Slapshot by Zemgus Girgensons.
16:20 of 1st period - Shot Blocked by Seth Jones.
16:24 of 1st period - Snap shot by Loui Eriksson.
16:24 of 1st period - Deflect By Ryan Carpenter.
16:24 of 1st period - Stopped by Ilya Sorokin with a rebound.
16:53 of 1st period - Slapshot by Travis Konecny.
16:53 of 1st period - Stopped by Robin Lehner with a rebound.
16:55 of 1st period - Snap shot by Chris Kreider.
16:55 of 1st period - Stopped by Robin Lehner without a rebound.
16:56 of 1st period - Steven Stamkos wins face-off versus Thomas Novak in Nashville Predators zone.
17:07 of 1st period - Snap shot by Thomas Novak.
17:07 of 1st period - Stopped by Ilya Sorokin with a rebound.
17:09 of 1st period - Wrist shot by Brandon Saad.
17:09 of 1st period - Shot Misses the Net.
17:11 of 1st period - Wrist shot by Brandon Saad.
17:11 of 1st period - Shot Blocked by Steven Stamkos.
18:40 of 1st period - Icing by Brent Burns.
18:41 of 1st period - Bo Horvat wins face-off versus Zemgus Girgensons in Chicago Black Hawks zone.
19:34 of 1st period - Slapshot by Corey Perry.
19:34 of 1st period - Stopped by Ilya Sorokin with a rebound.
19:36 of 1st period - Snap shot by Nick Bjugstad.
19:36 of 1st period - Shot Misses the Net.
19:38 of 1st period - Snap shot by Janne Kuokkanen.
19:38 of 1st period - Shot Blocked by Matthew Tkachuk.
Goals for this period are 0 for Nashville Predators vs 0 for Chicago Black Hawks.
Shots for this period are 10 for Nashville Predators vs 9 for Chicago Black Hawks.
2nd period
0:01 of 2nd period - Steven Stamkos wins face-off versus Thomas Novak in neutral zone.
0:12 of 2nd period - Slapshot by Cale Makar.
0:12 of 2nd period - Stopped by Ilya Sorokin without a rebound.
0:13 of 2nd period - Steven Stamkos wins face-off versus Zemgus Girgensons in Chicago Black Hawks zone.
0:18 of 2nd period - Slapshot by Matt Duchene.
0:18 of 2nd period - Stopped by Robin Lehner with a rebound.
0:26 of 2nd period - Seth Jones is hit by Loui Eriksson and loses puck.
1:54 of 2nd period - Snap shot by Steven Stamkos.
1:54 of 2nd period - Shot Misses the Net.
2:12 of 2nd period - Riley Nash is hit by Travis Konecny and loses puck.
3:04 of 2nd period - Steven Stamkos is hit by Rasmus Ristolainen and loses puck.
3:12 of 2nd period - Icing by Steven Stamkos.
3:13 of 2nd period - Steven Stamkos wins face-off versus Nolan Patrick in Chicago Black Hawks zone.
3:21 of 2nd period - Minor Penalty to Matthew Tkachuk for Hooking.
3:22 of 2nd period - Pius Suter wins face-off versus Thomas Novak in Chicago Black Hawks zone.
3:35 of 2nd period - Slapshot by Thomas Novak.
3:35 of 2nd period - Shot Misses the Net.
3:37 of 2nd period - Snap shot by Thomas Novak.
3:37 of 2nd period - Shot Blocked by Seth Jones.
4:52 of 2nd period - Seth Jones is hit by Cale Makar and loses puck.
5:21 of 2nd period - Penalty to Matthew Tkachuk is over, Matthew Tkachuk is back on ice.
5:39 of 2nd period - Pat Maroon is hit by Rasmus Andersson.
5:43 of 2nd period - Nikolaj Ehlers is hit by Rasmus Ristolainen and loses puck.
6:02 of 2nd period - Slapshot by Phillip Danault.
6:02 of 2nd period - Shot Misses the Net.
6:43 of 2nd period - Thomas Novak is hit by Phillip Danault.
7:05 of 2nd period - Pat Maroon is hit by Seth Jones and loses puck.
7:14 of 2nd period - Minor Penalty to Lawson Crouse for Tripping.
7:15 of 2nd period - Pius Suter wins face-off versus Thomas Novak in Chicago Black Hawks zone.
7:30 of 2nd period - Backhand shot by Thomas Novak.
7:30 of 2nd period - Deflect By Devon Toews.
7:30 of 2nd period - Shot Blocked by Devon Toews.
7:30 of 2nd period - Puck is out of play.
7:31 of 2nd period - Sam Gagner wins face-off versus Pius Suter in Chicago Black Hawks zone.
8:58 of 2nd period - Devon Toews is hit by Zemgus Girgensons and loses puck.
9:14 of 2nd period - Penalty to Lawson Crouse is over, Lawson Crouse is back on ice.
9:29 of 2nd period - Off-side.
9:30 of 2nd period - Steven Stamkos wins face-off versus Riley Nash in neutral zone.
9:56 of 2nd period - Snap shot by Zemgus Girgensons.
9:56 of 2nd period - Stopped by Ilya Sorokin with a rebound.
9:58 of 2nd period - Slapshot by Loui Eriksson.
9:58 of 2nd period - Shot Blocked by Brent Burns.
10:20 of 2nd period - Snap shot by Vladimir Tarasenko.
10:20 of 2nd period - Shot Blocked by Bowen Byram.
10:22 of 2nd period - Wrist shot by Phillip Danault.
10:22 of 2nd period - Shot Misses the Net.
10:32 of 2nd period - Pius Suter is hit by Nolan Patrick.
11:05 of 2nd period - Slapshot by Brandon Saad.
11:05 of 2nd period - Shot Blocked by Devon Toews.
11:11 of 2nd period - Minor Penalty to Matthew Tkachuk for Holding Stick.
11:12 of 2nd period - Pius Suter wins face-off versus Sam Gagner in Chicago Black Hawks zone.
11:21 of 2nd period - Pius Suter is hit by Thomas Novak and loses puck.
11:28 of 2nd period - Snap shot by Brandon Saad.
11:28 of 2nd period - Stopped by Ilya Sorokin without a rebound.
11:29 of 2nd period - Zemgus Girgensons wins face-off versus Pius Suter in Chicago Black Hawks zone.
11:30 of 2nd period - Backhand shot by Cale Makar.
11:30 of 2nd period - Stopped by Ilya Sorokin with a rebound.
11:32 of 2nd period - Slapshot by Corey Perry.
11:32 of 2nd period - Shot Blocked by Devon Toews.
11:36 of 2nd period - Slapshot by Cale Makar.
11:36 of 2nd period - Shot Blocked by Lawson Crouse.
11:38 of 2nd period - Snap shot by Bowen Byram.
11:38 of 2nd period - Stopped by Ilya Sorokin without a rebound.
11:39 of 2nd period - Pius Suter wins face-off versus Zemgus Girgensons in Chicago Black Hawks zone.
11:56 of 2nd period - Slapshot by Cale Makar.
11:56 of 2nd period - Deflect By Devon Toews.
11:56 of 2nd period - Stopped by Ilya Sorokin without a rebound.
11:57 of 2nd period - Pius Suter wins face-off versus Thomas Novak in Chicago Black Hawks zone.
12:02 of 2nd period - Snap shot by Thomas Novak.
12:02 of 2nd period - Stopped by Ilya Sorokin without a rebound.
12:03 of 2nd period - Thomas Novak wins face-off versus Pius Suter in Chicago Black Hawks zone.
12:38 of 2nd period - Snap shot by Cale Makar.
12:38 of 2nd period - Shot Misses the Net.
13:11 of 2nd period - Penalty to Matthew Tkachuk is over, Matthew Tkachuk is back on ice.
13:34 of 2nd period - Wrist shot by Matthew Tkachuk.
13:34 of 2nd period - Shot Hit the Post.
13:36 of 2nd period - Slapshot by Seth Jones.
13:36 of 2nd period - Stopped by Robin Lehner with a rebound.
13:50 of 2nd period - Wrist shot by Matthew Tkachuk.
13:50 of 2nd period - Stopped by Robin Lehner without a rebound.
13:51 of 2nd period - Pius Suter wins face-off versus Thomas Novak in Nashville Predators zone.
13:52 of 2nd period - Wrist shot by Bryan Rust.
13:52 of 2nd period - Shot Misses the Net.
14:07 of 2nd period - Snap shot by Thomas Novak.
14:07 of 2nd period - Deflect By Bryan Rust.
14:07 of 2nd period - Goal by Thomas Novak - Nashville Predators : 1 - Chicago Black Hawks : 0.
14:08 of 2nd period - Steven Stamkos wins face-off versus Thomas Novak in neutral zone.
14:11 of 2nd period - Rasmus Ristolainen is hit by Matthew Tkachuk and loses puck.
14:24 of 2nd period - Slapshot by Matt Duchene.
14:24 of 2nd period - Deflect By Cale Makar.
14:24 of 2nd period - Shot Misses the Net.
14:24 of 2nd period - Puck is out of play.
14:25 of 2nd period - Corey Perry wins face-off versus Bo Horvat in Nashville Predators zone.
14:38 of 2nd period - Wrist shot by Chris Kreider.
14:38 of 2nd period - Stopped by Robin Lehner without a rebound.
14:39 of 2nd period - Steven Stamkos wins face-off versus Thomas Novak in Nashville Predators zone.
14:50 of 2nd period - Slapshot by Cale Makar.
14:50 of 2nd period - Stopped by Ilya Sorokin without a rebound.
14:51 of 2nd period - Steven Stamkos wins face-off versus Nick Bjugstad in Chicago Black Hawks zone.
14:58 of 2nd period - Slapshot by Cale Makar.
14:58 of 2nd period - Goal by Cale Makar - Nashville Predators : 2 - Chicago Black Hawks : 0.
14:59 of 2nd period - Steven Stamkos wins face-off versus Nick Bjugstad in neutral zone.
15:04 of 2nd period - Snap shot by Matthew Tkachuk.
15:04 of 2nd period - Shot Misses the Net.
15:06 of 2nd period - Minor Penalty to Rasmus Ristolainen for Tripping.
15:07 of 2nd period - Riley Nash wins face-off versus Matt Duchene in Nashville Predators zone.
15:16 of 2nd period - Wrist shot by Seth Jones.
15:16 of 2nd period - Stopped by Robin Lehner with a rebound.
15:18 of 2nd period - Snap shot by Vladimir Tarasenko.
15:18 of 2nd period - Deflect By Riley Nash.
15:18 of 2nd period - Stopped by Robin Lehner without a rebound.
15:19 of 2nd period - Riley Nash wins face-off versus Steven Stamkos in Nashville Predators zone.
15:25 of 2nd period - Off-side.
15:26 of 2nd period - Riley Nash wins face-off versus Steven Stamkos in neutral zone.
15:39 of 2nd period - Snap shot by Riley Nash.
15:39 of 2nd period - Shot Misses the Net.
17:06 of 2nd period - Penalty to Rasmus Ristolainen is over, Rasmus Ristolainen is back on ice.
17:21 of 2nd period - Cale Makar is hit by Bryan Rust and loses puck.
18:00 of 2nd period - Slapshot by Cale Makar.
18:00 of 2nd period - Stopped by Ilya Sorokin without a rebound.
18:01 of 2nd period - Riley Nash wins face-off versus Pius Suter in Chicago Black Hawks zone.
18:02 of 2nd period - Wrist shot by Nolan Patrick.
18:02 of 2nd period - Deflect By Riley Nash.
18:02 of 2nd period - Stopped by Ilya Sorokin without a rebound.
18:03 of 2nd period - Pius Suter wins face-off versus Riley Nash in Chicago Black Hawks zone.
18:08 of 2nd period - Snap shot by Nolan Patrick.
18:08 of 2nd period - Stopped by Ilya Sorokin without a rebound.
18:09 of 2nd period - Steven Stamkos wins face-off versus Riley Nash in Chicago Black Hawks zone.
18:25 of 2nd period - Snap shot by Riley Nash.
18:25 of 2nd period - Stopped by Ilya Sorokin without a rebound.
18:26 of 2nd period - Bo Horvat wins face-off versus Thomas Novak in Chicago Black Hawks zone.
18:33 of 2nd period - Snap shot by Travis Konecny.
18:33 of 2nd period - Goal by Travis Konecny - Nashville Predators : 2 - Chicago Black Hawks : 1.
18:34 of 2nd period - Steven Stamkos wins face-off versus Janne Kuokkanen in neutral zone.
18:40 of 2nd period - Icing by Rasmus Ristolainen.
18:41 of 2nd period - Steven Stamkos wins face-off versus Nick Bjugstad in Nashville Predators zone.
18:42 of 2nd period - Wrist shot by Matthew Tkachuk.
18:42 of 2nd period - Shot Blocked by Rasmus Ristolainen.
18:52 of 2nd period - Devon Toews is hit by Cale Makar and loses puck.
19:09 of 2nd period - Wrist shot by Nolan Patrick.
19:09 of 2nd period - Shot Hit the Post.
19:11 of 2nd period - Wrist shot by Pat Maroon.
19:11 of 2nd period - Stopped by Ilya Sorokin without a rebound.
19:12 of 2nd period - Riley Nash wins face-off versus Bo Horvat in Chicago Black Hawks zone.
19:15 of 2nd period - Backhand shot by Nolan Patrick.
19:15 of 2nd period - Shot Misses the Net.
19:17 of 2nd period - Slapshot by Nate Schmidt.
19:17 of 2nd period - Stopped by Ilya Sorokin with a rebound.
19:25 of 2nd period - Snap shot by Bo Horvat.
19:25 of 2nd period - Deflect By Travis Konecny.
19:25 of 2nd period - Stopped by Robin Lehner without a rebound.
19:26 of 2nd period - Nick Bjugstad wins face-off versus Steven Stamkos in Nashville Predators zone.
19:33 of 2nd period - Wrist shot by Steven Stamkos.
19:33 of 2nd period - Deflect By Matthew Tkachuk.
19:33 of 2nd period - Stopped by Robin Lehner with a rebound.
19:35 of 2nd period - Wrist shot by Matthew Tkachuk.
19:35 of 2nd period - Deflect By Steven Stamkos.
19:35 of 2nd period - Stopped by Robin Lehner without a rebound.
19:36 of 2nd period - Nick Bjugstad wins face-off versus Matthew Tkachuk in Nashville Predators zone.
19:53 of 2nd period - Wrist shot by Matthew Tkachuk.
19:53 of 2nd period - Stopped by Robin Lehner with a rebound.
19:55 of 2nd period - Snap shot by Devon Toews.
19:55 of 2nd period - Shot Blocked by Janne Kuokkanen.
19:57 of 2nd period - Slapshot by Seth Jones.
19:57 of 2nd period - Shot Misses the Net.
19:59 of 2nd period - Wrist shot by Matt Duchene.
19:59 of 2nd period - Goal by Matt Duchene - Nashville Predators : 2 - Chicago Black Hawks : 2.
Goals for this period are 2 for Nashville Predators vs 2 for Chicago Black Hawks.
Shots for this period are 16 for Nashville Predators vs 12 for Chicago Black Hawks.
3rd period
0:01 of 3rd period - Zemgus Girgensons wins face-off versus Steven Stamkos in neutral zone.
0:03 of 3rd period - Minor Penalty to Ryan Carpenter for Hooking.
0:04 of 3rd period - Zemgus Girgensons wins face-off versus Vladimir Tarasenko in Nashville Predators zone.
0:04 of 3rd period - Zemgus Girgensons is hit by Brent Burns.
0:05 of 3rd period - Zemgus Girgensons from Nashville Predators is injured at 0:05 of 3rd period (Strained Right Knee).
0:06 of 3rd period - Steven Stamkos wins face-off versus Riley Nash in Nashville Predators zone.
0:14 of 3rd period - Snap shot by Vladimir Tarasenko.
0:14 of 3rd period - Stopped by Robin Lehner with a rebound.
0:18 of 3rd period - Snap shot by Vladimir Tarasenko.
0:18 of 3rd period - Shot Blocked by Justin Braun.
0:20 of 3rd period - Slapshot by Seth Jones.
0:20 of 3rd period - Shot Blocked by Justin Braun.
0:22 of 3rd period - Snap shot by Matt Duchene.
0:22 of 3rd period - Shot Hit the Post.
1:55 of 3rd period - Chris Kreider is hit by Brandon Saad and loses puck.
2:03 of 3rd period - Penalty to Ryan Carpenter is over, Ryan Carpenter is back on ice.
2:06 of 3rd period - Nolan Patrick is hit by Pius Suter and loses puck.
2:29 of 3rd period - Snap shot by Corey Perry.
2:29 of 3rd period - Stopped by Ilya Sorokin with a rebound.
2:31 of 3rd period - Wrist shot by Nick Bjugstad.
2:31 of 3rd period - Deflect By Corey Perry.
2:31 of 3rd period - Stopped by Ilya Sorokin without a rebound.
2:32 of 3rd period - Nick Bjugstad wins face-off versus Phillip Danault in Chicago Black Hawks zone.
2:53 of 3rd period - Snap shot by Lawson Crouse.
2:53 of 3rd period - Stopped by Robin Lehner with a rebound.
3:17 of 3rd period - Minor Penalty to Justin Braun for Tripping.
3:18 of 3rd period - Steven Stamkos wins face-off versus Nick Bjugstad in Nashville Predators zone.
5:04 of 3rd period - Icing by Matt Duchene.
5:05 of 3rd period - Steven Stamkos wins face-off versus Riley Nash in Chicago Black Hawks zone.
5:17 of 3rd period - Penalty to Justin Braun is over, Justin Braun is back on ice.
5:20 of 3rd period - Snap shot by Lawson Crouse.
5:20 of 3rd period - Shot Misses the Net.
5:22 of 3rd period - Backhand shot by Bryan Rust.
5:22 of 3rd period - Shot Misses the Net.
5:24 of 3rd period - Snap shot by Pius Suter.
5:24 of 3rd period - Goal by Pius Suter - Nashville Predators : 2 - Chicago Black Hawks : 3.
5:25 of 3rd period - Steven Stamkos wins face-off versus Nolan Patrick in neutral zone.
5:32 of 3rd period - Snap shot by Matt Duchene.
5:32 of 3rd period - Deflect By Steven Stamkos.
5:32 of 3rd period - Stopped by Robin Lehner with a rebound.
5:50 of 3rd period - Seth Jones is hit by Corey Perry and loses puck.
6:15 of 3rd period - Phillip Danault is hit by Sam Gagner and loses puck.
6:38 of 3rd period - Riley Nash is hit by Matthew Tkachuk and loses puck.
7:53 of 3rd period - Icing by Nate Schmidt.
7:54 of 3rd period - Steven Stamkos wins face-off versus Nolan Patrick in Nashville Predators zone.
8:30 of 3rd period - Snap shot by Nolan Patrick.
8:30 of 3rd period - Shot Misses the Net.
8:36 of 3rd period - Slapshot by Nolan Patrick.
8:36 of 3rd period - Stopped by Ilya Sorokin with a rebound.
8:38 of 3rd period - Snap shot by Nolan Patrick.
8:38 of 3rd period - Shot Misses the Net.
8:40 of 3rd period - Slapshot by Nate Schmidt.
8:40 of 3rd period - Stopped by Ilya Sorokin with a rebound.
8:42 of 3rd period - Snap shot by Nate Schmidt.
8:42 of 3rd period - Shot Blocked by Phillip Danault.
8:44 of 3rd period - Snap shot by Justin Braun.
8:44 of 3rd period - Deflect By Nolan Patrick.
8:44 of 3rd period - Stopped by Ilya Sorokin with a rebound.
8:46 of 3rd period - Wrist shot by Ryan Carpenter.
8:46 of 3rd period - Stopped by Ilya Sorokin without a rebound.
8:47 of 3rd period - Steven Stamkos wins face-off versus Janne Kuokkanen in Chicago Black Hawks zone.
9:12 of 3rd period - Thomas Novak is hit by Travis Konecny and loses puck.
9:19 of 3rd period - Snap shot by Travis Konecny.
9:19 of 3rd period - Shot Misses the Net.
9:21 of 3rd period - Snap shot by Travis Konecny.
9:21 of 3rd period - Shot Misses the Net.
9:23 of 3rd period - Slapshot by Seth Jones.
9:23 of 3rd period - Shot Blocked by Brandon Saad.
9:25 of 3rd period - Wrist shot by Chris Kreider.
9:25 of 3rd period - Stopped by Robin Lehner with a rebound.
9:55 of 3rd period - Cale Makar is hit by Lawson Crouse and loses puck.
10:00 of 3rd period - Wrist shot by Bryan Rust.
10:00 of 3rd period - Goal by Bryan Rust - Nashville Predators : 2 - Chicago Black Hawks : 4.
10:01 of 3rd period - Steven Stamkos wins face-off versus Pat Maroon in neutral zone.
10:28 of 3rd period - Nick Bjugstad is hit by Bo Horvat and loses puck.
10:35 of 3rd period - Snap shot by Travis Konecny.
10:35 of 3rd period - Shot Misses the Net.
10:37 of 3rd period - Snap shot by Travis Konecny.
10:37 of 3rd period - Shot Blocked by Nate Schmidt.
10:57 of 3rd period - Thomas Novak is hit by Nikolaj Ehlers and loses puck.
12:13 of 3rd period - Wrist shot by Brandon Saad.
12:13 of 3rd period - Stopped by Ilya Sorokin without a rebound.
12:14 of 3rd period - Steven Stamkos wins face-off versus Thomas Novak in Chicago Black Hawks zone.
12:58 of 3rd period - Slapshot by Cale Makar.
12:58 of 3rd period - Deflect By Brandon Saad.
12:58 of 3rd period - Stopped by Ilya Sorokin without a rebound.
12:59 of 3rd period - Thomas Novak wins face-off versus Matt Duchene in Chicago Black Hawks zone.
13:00 of 3rd period - Wrist shot by Brandon Saad.
13:00 of 3rd period - Stopped by Ilya Sorokin with a rebound.
13:06 of 3rd period - Wrist shot by Thomas Novak.
13:06 of 3rd period - Stopped by Ilya Sorokin with a rebound.
13:08 of 3rd period - Slapshot by Jake Muzzin.
13:08 of 3rd period - Shot Blocked by Matthew Tkachuk.
13:10 of 3rd period - Slapshot by Bowen Byram.
13:10 of 3rd period - Stopped by Ilya Sorokin with a rebound.
13:12 of 3rd period - Snap shot by Thomas Novak.
13:12 of 3rd period - Stopped by Ilya Sorokin with a rebound.
13:14 of 3rd period - Slapshot by Bowen Byram.
13:14 of 3rd period - Deflect By Thomas Novak.
13:14 of 3rd period - Stopped by Ilya Sorokin with a rebound.
13:37 of 3rd period - Snap shot by Bo Horvat.
13:37 of 3rd period - Shot Misses the Net.
13:53 of 3rd period - Backhand shot by Nikolaj Ehlers.
13:53 of 3rd period - Shot Blocked by Rasmus Ristolainen.
14:38 of 3rd period - Snap shot by Pat Maroon.
14:38 of 3rd period - Stopped by Ilya Sorokin without a rebound.
14:39 of 3rd period - Riley Nash wins face-off versus Travis Konecny in Chicago Black Hawks zone.
14:48 of 3rd period - Wrist shot by Nolan Patrick.
14:48 of 3rd period - Shot Blocked by Seth Jones.
15:02 of 3rd period - Slapshot by Corey Perry.
15:02 of 3rd period - Shot Hit the Post.
15:04 of 3rd period - Snap shot by Rasmus Ristolainen.
15:04 of 3rd period - Stopped by Ilya Sorokin without a rebound.
15:05 of 3rd period - Phillip Danault wins face-off versus Nick Bjugstad in Chicago Black Hawks zone.
16:26 of 3rd period - Slapshot by Seth Jones.
16:26 of 3rd period - Stopped by Robin Lehner without a rebound.
16:27 of 3rd period - Phillip Danault wins face-off versus Nick Bjugstad in Nashville Predators zone.
16:54 of 3rd period - Jake Muzzin is hit by Devon Toews and loses puck.
16:55 of 3rd period - Jake Muzzin from Nashville Predators is injured at 16:55 of 3rd period (Sports Hernia).
16:56 of 3rd period - Riley Nash wins face-off versus Phillip Danault in Nashville Predators zone.
18:52 of 3rd period - Nick Bjugstad is hit by Travis Konecny and loses puck.
19:43 of 3rd period - Sam Gagner is hit by Phillip Danault and loses puck.
Goals for this period are 0 for Nashville Predators vs 2 for Chicago Black Hawks.
Shots for this period are 15 for Nashville Predators vs 7 for Chicago Black Hawks.
Back to the Top